 Dungeon Crawl Stone Soup version 0.29.1-1-gd02db6906a (webtiles) character file.

Game seed: 3262669118093377354

310 MisterFreud the Twirler (level 6, -4/46 HPs)
             Began as a Formicid Gladiator on Oct 13, 2022.
             Slain by an ogre
             ... wielding a +0 giant club
              (28 damage)
             ... on level 4 of the Dungeon.
             The game lasted 00:03:15 (4274 turns).

MisterFreud the Twirler (Formicid Gladiator)        Turns: 4274, Time: 00:03:15

Health: -4/46      AC:  5    Str: 20    XL:     6   Next: 69%
Magic:  6/6        EV: 11    Int:  8    God:
Gold:   219        SH:  5    Dex: 15    Spells: 5/5 levels left

rFire   . . .      SeeInvis +   a - +1 quarterstaff
rCold   . . .      Faith    .   k - +0 buckler
rNeg    . . .      Spirit   .   f - +0 ring mail
rPois   .          Reflect  .   (helmet unavailable)
rElec   .          Harm     .   (no cloak)
rCorr   .          Rampage  .   (no gloves)
Will    .....                   (no boots)
Stlth   +.........              (no amulet)
HPRegen 0.15/turn               (no ring)
MPRegen 0.10/turn               (no ring)

@: no status effects
A: permanent stasis, dig shafts and tunnels, antennae 3, four strong arms
a: Dig, Shaft Self


You were on level 4 of the Dungeon.
You visited 1 branch of the dungeon, and saw 4 of its levels.

You collected 219 gold pieces.

Inventory:

Hand Weapons
 a - a +1 quarterstaff (weapon)
Missiles
 c - 3 throwing nets
 d - 5 javelins (quivered)
Armour
 b - a +0 leather armour
 f - a +0 ring mail (worn)
 k - a +0 buckler (worn)
Jewellery
 m - a ring of willpower
Wands
 n - a wand of iceblast (11)
Scrolls
 e - 4 scrolls of torment
 h - 2 scrolls of poison
 o - a scroll of fog
Potions
 g - 2 potions of resistance
 i - a potion of might {unknown}
 j - a potion of mutation {unknown}
 l - a potion of heal wounds {unknown}
 p - a potion of haste {unknown}
 q - a potion of brilliance {unknown}
 r - a potion of flight {unknown}


   Skills:
 + Level 2.4 Fighting
 - Level 6.0 Staves
 - Level 2.0 Throwing
 + Level 0.8 Armour
 - Level 2.6 Dodging
 - Level 4.0 Shields


You had 5 spell levels left.
You didn't know any spells.
Your spell library contained the following spells:

 Spells                   Type           Power      Damage    Failure   Level
 Corpse Rot               Necr/Pois/Air  0%         N/A       100%        4
 Dispel Undead            Necr           0%         3d6       100%        4
 Death Channel            Necr           0%         N/A       100%        6


Dungeon Overview and Level Annotations

Branches:
Dungeon (4/15)
 Temple: D:4-7

Altars:
Trog
Xom

Shops:
D:1 *   D:3 (


Innate Abilities, Weirdness & Mutations

You cannot be hasted, slowed, berserked, paralysed or teleported.
You can dig through walls and to a lower floor.
You have a pair of large antennae on your head. (SInv)
Your four strong arms can wield two-handed weapons with a shield.


Message History

You sock the endoplasm!
You kill the endoplasm!
d - 7 javelins (gained 6)
You now have 219 gold pieces (gained 5).
Key pressed, stopping explore.
No target in view!
You open the door.
There is an open door here.
Key pressed, stopping explore.
No target in view!
You see here 4 stones.
You sense a monster nearby.
You see here a scarf of invisibility.
No target in view!
An ogre comes into view. It is wielding a +0 giant club.
The ogre shouts!
An ogre is nearby!
An ogre is nearby!
Okay, then.
Unknown command.
Throw: 7 javelins
Press: ? - help, Q - select action, (/) - cycle Shift-Dir - straight line, f - ogre
Aim: an ogre, wielding a +0 giant club (75% to hit)
You throw a javelin. The javelin pierces through the ogre!
The ogre is moderately wounded.
Unknown command.
Throw: 6 javelins
Press: ? - help, Q - select action, (/) - cycle Shift-Dir - straight line, f/p - ogre
Aim: an ogre, wielding a +0 giant club (moderately wounded, 75% to hit)
You throw a javelin. The javelin pierces through the ogre.
The ogre is moderately wounded.
Unknown command.
You hit the ogre.
The ogre is heavily wounded.
The ogre hits you with a +0 giant club!!
You barely miss the ogre.
The ogre is heavily wounded.
The ogre hits you with a +0 giant club!!
Ouch! That really hurt!
You die...

##...< ##########
###.# #(. .....#
#.# #.. ..#.# ##.#
#.# #.#.# ##..#
#.####.#.#####(#.#
#.##..............
#O##.#.#.#####....
#@##.#.#.# ##..?..
#.##.#.#.# #....(.
#...[....# ##...[.
####.##### ##....
#.# ##..# #.# ##'#
#.# ##... ..#
##.... ..# #.....


You could see an ogre.

Vanquished Creatures
  2 scorpions (D:4)
  2 orc priests (D:4)
  A hound (D:4)
  4 adders
  3 worms
  2 dart slugs
  An orc (D:4)
  9 endoplasms
  5 giant cockroaches
  4 hobgoblins (D:1)
  8 ball pythons
  2 bats
  3 frilled lizards
  7 goblins
  4 kobolds
  4 rats
61 creatures vanquished.

Vanquished Creatures (others)
  A fungus (D:1)
1 creature vanquished.

Grand Total: 62 creatures vanquished

Notes
Turn   | Place    | Note
-------+----------+-------------------------------------------
     0 | D:1      | MisterFreud the Formicid Gladiator began the quest for the
                  | Orb.
     0 | D:1      | Reached XP level 1. HP: 16/16 MP: 1/1
   355 | D:1      | Reached XP level 2. HP: 22/22 MP: 2/2
   779 | D:1      | Found Abynem's General Store.
   921 | D:1      | Reached skill level 4 in Staves
   921 | D:1      | Reached XP level 3. HP: 27/27 MP: 3/3
  1693 | D:2      | Reached XP level 4. HP: 28/33 MP: 4/4
  2594 | D:3      | Found a shimmering altar of Xom.
  2636 | D:3      | Reached skill level 5 in Staves
  2702 | D:3      | Found Niaxe's Weapon Shoppe.
  3327 | D:4      | Found a bloodstained altar of Trog.
  3413 | D:4      | Noticed a scorpion
  3417 | D:4      | Killed a scorpion
  3418 | D:4      | Reached XP level 5. HP: 34/38 MP: 5/5
  3505 | D:4      | Reached XP level 6. HP: 34/44 MP: 6/6
  3960 | D:4      | Reached skill level 6 in Staves
  4269 | D:4      | Noticed an ogre
  4274 | D:4      | Slain by an ogre

Illustrated notes

Levels and vault maps discovered:
D:1:      dpeg_arrival_three_smaller_balls, layout_basic, serial_shops,
          shop_statue, dreamdust_mushroom_princess
D:2:      layout_loops_ring
D:3:      layout_loops_ring, lemuel_crystal_altar, serial_shops,
          nicolae_shop_bloodbath_and_beyond, chequers_garden
D:4:      layout_loops_corners, trog_three_pillars_becter,
          minmay_temple_entry_nine_rooms, minmay_misc_feat_encased,
          chequers_serial_rivers_marsh, lightli_corner_chamber

Skill      XL: |  1  2  3  4  5  6 |
---------------+-------------------+-----
Staves         | 4 5 6 |  6.0
Shields        | 2 3 4 |  4.0
Fighting       | |  2.4
Throwing       | |  2.0
Armour         | |  0.8
Dodging        | |  2.6

Action                   |  1- 3 |  4- 6 || total
-------------------------+-------+-------++-------
Melee: Quarterstaff      |    77 |   120 ||   197
       Punch             |     1 |       ||     1
Throw: Javelin           |       |     2 ||     2
  Use: Scroll            |     2 |     9 ||    11
 Stab: Sleeping          |     1 |       ||     1
Armor: Leather armour    |     2 |       ||     2
       Ring mail         |    25 |    28 ||    53
Dodge: Dodged            |    35 |    48 ||    83
Block: Buckler           |       |    12 ||    12
